 Dungeon Crawl Stone Soup version 0.30-a0-652-gcc886f7154 (webtiles) character file.

Game seed: 6219130014375659055

62460 drugrobin the Brawler (level 14, -5/126 HPs)
             Began as a Demigod Delver on Jan 17, 2023.
             Slain by an eight-headed hydra (11 damage)
             ... on level 5 of the Lair of Beasts.
             The game lasted 01:50:07 (26461 turns).

drugrobin the Brawler (Demigod Delver)             Turns: 26461, Time: 01:50:08

Health: -5/126     AC: 21    Str: 21    XL:     14   Next: 27%
Magic:  17/17      EV: 10    Int: 16    God:
Gold:   2186       SH:  5    Dex: 25    Spells: 10/13 levels left

rFire   + + .      SeeInvis .      - Unarmed
rCold   . . .      Faith    .    v - +0 buckler
rNeg    . . .      Spirit   .    I - +4 chain mail {rF+}
rPois   +          Reflect  .    F - +0 helmet
rElec   +          Harm     .    e - +2 cloak
rCorr   .          Rampage  .    J - +1 pair of gloves
Will    +....                    P - +2 pair of boots Stlth
                                 j - amulet of the acrobat
HPRegen 0.41/turn                M - ring of the Death Scarab {Wiz Drain rElec rPois Dex+6, =R}
MPRegen 0.15/turn                Q - ring of protection from fire

@: mighty
A: high MP 1, forlorn, divine attributes
a: no special abilities


You were on level 5 of the Lair of Beasts.
You visited 3 branches of the dungeon, and saw 17 of its levels.
You also visited: Volcano.

You collected 2186 gold pieces.

Inventory:

Hand Weapons
 b - a +1 sling of draining
 c - a +2 short sword of venom
Missiles
 B - 3 poisoned darts
 C - 16 boomerangs (quivered)
Armour
 e - a +2 cloak (worn)
 m - a +0 troll leather armour
 v - a +0 buckler (worn)
 F - a +0 helmet (worn)
 I - a +4 chain mail of fire resistance (worn)
 J - a +1 pair of gloves (worn)
 N - an orb of mayhem
 P - a +2 pair of boots (worn)
Jewellery
 a - a ring of wizardry
 j - an amulet of the acrobat (around neck)
 w - a +5 ring of evasion
 G - a ring of see invisible
 M - the ring of the Death Scarab (left hand) {Wiz Drain rElec rPois Dex+6, =R}
   (You found it on level 6 of the Dungeon)

   [ring of wizardry]

   It improves your spell success rate.
   Dex:       It affects your dexterity (+6).
   rElec:     It insulates you from electricity.
   rPois:     It protects you from poison.
   Drain:     It drains your maximum health when unequipped.
 Q - a ring of protection from fire (right hand)
Wands
 f - a wand of digging (6)
 i - a wand of mindburst (8)
 k - a wand of roots (1)
 Y - a wand of acid (2)
Scrolls
 d - a scroll of blinking {unknown}
 h - 5 scrolls of fog
 l - a scroll of enchant armour
 n - 4 scrolls of immolation
 o - a scroll of summoning
 x - a scroll of fear
 y - 2 scrolls of magic mapping
 E - 4 scrolls of teleportation
 T - 2 scrolls of poison
Potions
 g - a potion of lignification {unknown}
 p - a potion of invisibility
 q - a potion of magic {unknown}
 r - 4 potions of degeneration {unknown}
 s - 2 potions of cancellation {unknown}
 u - a potion of might
 z - a potion of curing
 A - a potion of resistance {unknown}
 K - a potion of flight {unknown}
 L - 3 potions of haste
 Z - 2 potions of heal wounds
Miscellaneous
 U - a piece from Xom's chessboard (11/15)
 W - a box of beasts


   Skills:
 - Level 12.0 Fighting
 + Level 5.1 Dodging
 - Level 4.5 Stealth
 - Level 20.0 Unarmed Combat
 + Level 2.9 Evocations


You had 10 spell levels left.
You knew the following spells:

 Your Spells              Type           Power      Damage    Failure   Level
a - Summon Small Mammal   Summ           0%         N/A       80%         1
b - Poisonous Vapours     Pois/Air       0%         N/A       90%         2

Your spell library contained the following spells:

 Spells                   Type           Power      Damage    Failure   Level
 Apportation              Tloc           0%         N/A       80%         1
 Freeze                   Ice            0%         1d3       80%         1
 Necrotise                Necr           0%         1d4       80%         1
 Shock                    Conj/Air       0%         1d3       80%         1
 Slow                     Hex            0%         N/A       80%         1
 Sting                    Tmut/Pois      0%         1d3       80%         1
 Cigotuvi's Dreadful Rot  Necr/Pois/Air  0%         N/A       90%         2
 Ensorcelled Hibernation  Hex/Ice        0%         N/A       90%         2
 Lesser Beckoning         Tloc           0%         N/A       90%         2
 Passwall                 Tmut/Erth      0%         N/A       90%         2
 Call Canine Familiar     Summ           0%         N/A       98%         3
 Confusing Touch          Hex            0%         N/A       98%         3
 Frozen Ramparts          Ice            0%         1d1       98%         3
 Gell's Gravitas          Tloc           0%         N/A       98%         3
 Hailstorm                Conj/Ice       0%         3d3       98%         3
 Ignite Poison            Fire/Tmut/Pois 0%         N/A       98%         3
 Mephitic Cloud           Conj/Pois/Air  0%         N/A       98%         3
 Ozocubu's Armour         Ice            0%         N/A       98%         3
 Portal Projectile        Hex/Tloc       0%         N/A       98%         3
 Swiftness                Air            0%         N/A       98%         3
 Teleport Other           Tloc           0%         N/A       98%         3
 Vampiric Draining        Necr           0%         2d6       98%         3
 Leda's Liquefaction      Hex/Erth       0%         N/A       100%        4
 Sticky Flame             Conj/Fire      0%         2d3       100%        4
 Agony                    Necr           0%         N/A       100%        5
 Arcjolt                  Conj/Air       0%         1d10      100%        5
 Metabolic Englaciation   Hex/Ice        0%         N/A       100%        5
 Eringya's Noxious Bog    Tmut/Pois      0%         N/A       100%        6
 Simulacrum               Ice/Necr       0%         N/A       100%        6
 Ozocubu's Refrigeration  Ice            0%         4d7       100%        7
 Ignition                 Fire           0%         3d3       100%        8


Dungeon Overview and Level Annotations

Branches:
Dungeon (10/15)            Temple (0/1) D:6            Lair (5/5) D:10
 Shoals (0/4) Lair:2        Snake (0/4) Lair:3        Slime (0/5) Lair:4
    Orc (2/2) D:10            Elf (0/3) Orc:2       Volcano (visited)

Shops:
D:4 (   D:9 ((*   D:10 =   Orc:2 (=

Annotations:
D:2 Sigmund
D:6 4 runed translucent doors
Lair:4 exclusion: 4 oklob plants
Lair:5 1 runed translucent door
Orc:1 exclusion: downstairs
Orc:2 Azrael, Donald


Innate Abilities, Weirdness & Mutations

You have an increased reservoir of magic. (+10% MP)
You shall have no god before yourself.
Your divine heritage dramatically boosts your attributes as you level up.


Message History

The eight-headed hydra bites you!
* * * LOW HITPOINT WARNING * * *
The eight-headed hydra closely misses you.
You block the eight-headed hydra's attack.
The eight-headed hydra bites you.
* * * LOW HITPOINT WARNING * * *
The eight-headed hydra bites you!
* * * LOW HITPOINT WARNING * * *
You block the eight-headed hydra's attack.
The eight-headed hydra bites you.
* * * LOW HITPOINT WARNING * * *
You block the eight-headed hydra's attack.
Unknown command.
Unknown command.
Unknown command.
Okay, then.
Unknown command.
Okay, then.
Unknown command.
Okay, then.
Unknown command.
Search for what [Enter for "shield", or ? for help]? blink Can't find anything matching that.
Unknown command.
Unknown command.
Unknown command.
Unknown command.
Unknown command.
Unknown command.
Unknown command.
Press: ? - help, v - describe, . - travel
Here: an eight-headed hydra (almost dead)
The floor, spattered with blood.
Unknown command.
Unknown command.
As you read the scroll of fear, it crumbles to dust.
You assume a fearsome visage.
The komodo dragon looks frightened!
The eight-headed hydra resists with some effort.
The eight-headed hydra bites you!
You die...

### ### #.## ###.# ###.# ##
.#.#### #### ####...###.
......###..### ######..........
...........#.### #.#........#....
.#..........#..####..............
..#..)........#...l.........##...
...#............@D......##.#.#..#
..#.....##..............##..#....
...#.#.###......#.....####.##.###
..##.##.......###....## ####.##.
..##........### ###### #####
##..........# ##### #.
#....#...### #.#8# ##. ##......##
##.####.. #..##..# #8.).....


You could see an eight-headed hydra and a komodo dragon (fleeing).

Vanquished Creatures
  3 hydras
  2 ogre magi (Orc:2)
  2 boulder beetles (Lair:3)
  5 two-headed ogres
  12 death yaks
  A fire crab (Lair:5)
  A skeletal warrior (Volcano)
  2 deep trolls (Orc:1)
  A lindwurm (Lair:5)
  Pikel (D:9)
  3 orc sorcerers
  A manticore (Lair:3)
  3 cyclopes
  14 elephants
  7 black mambas
  3 molten gargoyles (Lair:5)
  Joseph (D:9)
  3 gargoyles (Volcano)
  10 cane toads
  5 rime drakes
  6 komodo dragons
  A hornet (D:9)
  3 polar bears
  11 trolls
  12 dream sheep
  6 blink frogs (Lair:3)
  2 flying skulls (Volcano)
  2 shadows
  36 yaks
  2 alligator skeletons (Volcano)
  Eustachio (D:6)
  4 fire elementals
  6 basilisks
  2 steam dragons
  14 wyverns
  An acid dragon (D:8)
  A warg (Orc:2)
  18 water moccasins
  2 hell hounds
  3 nagas (Lair:3)
  2 black bears
  2 sky beasts (D:6)
  13 orc warriors
  20 ogres
  21 wolves
  8 centaurs
  A kobold brigand (D:10)
  Blork the orc (D:4)
  9 bullfrogs
  A gnoll sergeant (D:7)
  2 scorpions
  5 necrophages (Lair:4)
  5 wights
  2 howler monkeys
  A troll skeleton (Volcano)
  3 lava snakes (Lair:5)
  14 orc priests
  3 hounds
  2 jellies
  A gnoll bouda (D:6)
  14 orc wizards
  16 hell rats
  2 naga skeletons (Volcano)
  15 gnolls
  8 adders
  12 river rats
  3 shadow imps
  2 white imps
  An ufetubus (D:7)
  A worm (D:4)
  3 dart slugs
  53 orcs
  4 endoplasms
  6 giant cockroaches
  10 goblins
  10 hobgoblins
  7 jackals (D:3)
  9 quokkas
  10 ball pythons
  4 bats
  6 frilled lizards
  13 kobolds
  20 rats
558 creatures vanquished.

Vanquished Creatures (collateral kills)
  An orc warrior (Orc:2)
1 creature vanquished.

Vanquished Creatures (others)
  A steam dragon (Lair:5)
  An orc wizard (Orc:2)
  An orc (Orc:1)
  39 fungi
  29 plants
71 creatures vanquished.

Grand Total: 630 creatures vanquished

Notes
Turn   | Place    | Note
-------+----------+-------------------------------------------
     0 | D:5      | drugrobin the Demigod Delver began the quest for the Orb.
     0 | D:5      | Reached XP level 1. HP: 18/18 MP: 3/3
   195 | D:5      | Noticed a centaur
   316 | D:5      | Noticed a hound
   412 | D:5      | Noticed a water moccasin
   417 | D:5      | Noticed a hound
   567 | D:4      | Reached skill level 2 in Unarmed Combat
   777 | D:3      | Reached XP level 2. HP: 10/25 MP: 4/4
   945 | D:3      | Reached skill level 3 in Unarmed Combat
  1041 | D:2      | Noticed Sigmund
  1259 | D:2      | Reached XP level 3. HP: 29/30 MP: 5/5
  1813 | D:1      | Reached skill level 4 in Unarmed Combat
  2358 | D:2      | Reached XP level 4. HP: 31/37 MP: 6/6
  2867 | D:3      | Got Vehumet's Codex of Violence
  3050 | D:3      | Reached skill level 5 in Unarmed Combat
  3050 | D:3      | Reached XP level 5. HP: 31/42 MP: 7/7
  3860 | D:3      | Reached skill level 6 in Unarmed Combat
  4222 | D:4      | Noticed Blork the orc
  4235 | D:4      | Killed Blork the orc
  4236 | D:4      | Reached XP level 6. HP: 22/50 MP: 8/8
  4336 | D:4      | Found Vipaimm's Weapon Shop.
  4940 | D:5      | Learned a level 1 spell: Summon Small Mammal
  4943 | D:5      | Learned a level 2 spell: Poisonous Vapours
  4998 | D:5      | Killed a water moccasin
  5383 | D:5      | Noticed a water moccasin
  5402 | D:5      | Killed a water moccasin
  5403 | D:5      | Reached skill level 7 in Unarmed Combat
  5403 | D:5      | Reached XP level 7. HP: 15/59 MP: 9/9
  6215 | D:6      | Found a staircase to the Ecumenical Temple.
  6256 | D:6      | Noticed Eustachio
  6448 | D:6      | Reached skill level 5 in Fighting
  6699 | D:6      | Killed Eustachio
  6700 | D:6      | Reached XP level 8. HP: 56/68 MP: 8/10
  6852 | D:6      | Found a large runed translucent door.
  6854 | D:6      | Found a large runed translucent door.
  6875 | D:6      | Reached skill level 8 in Unarmed Combat
  6900 | D:6      | Noticed a cyclops
  6904 | D:6      | Found the +7 captain's cutlass {speed, disarm}
  7148 | D:6      | Found a large runed translucent door.
  7148 | D:6      | Found a large runed translucent door.
  7307 | D:6      | Identified the ring of the Death Scarab {Wiz Drain rElec
                  | rPois Dex+6}
  7363 | D:6      | Reached skill level 9 in Unarmed Combat
  7946 | D:7      | Reached XP level 9. HP: 79/79 MP: 11/11
  8989 | D:8      | Reached skill level 10 in Unarmed Combat
  9585 | D:9      | Reached skill level 11 in Unarmed Combat
 10146 | D:9      | Noticed Pikel
 10158 | D:9      | Killed Pikel
 10159 | D:9      | Reached XP level 10. HP: 86/88 MP: 13/13
 10189 | D:9      | Found Kat Xeq's Weapon Boutique.
 10238 | D:9      | Found Arogal Nyji's Antique Weapon Shop.
 10415 | D:9      | Found Esach's General Store.
 10432 | D:9      | Noticed Joseph
 10453 | D:9      | Killed Joseph
 10454 | D:9      | Reached skill level 12 in Unarmed Combat
 10507 | D:9      | Paralysed by an orc warrior for 4 turns
 11193 | D:10     | Entered Level 10 of the Dungeon
 11276 | D:10     | Reached skill level 13 in Unarmed Combat
 11437 | D:10     | Found a staircase to the Orcish Mines.
 11453 | D:10     | Noticed a death yak
 11475 | D:10     | Killed a death yak
 11828 | D:10     | Noticed a death yak
 11848 | D:10     | Noticed a death yak
 11893 | D:9      | Killed a death yak
 12089 | D:10     | Found Zeno's Jewellery Emporium.
 12177 | D:10     | Found a staircase to the Lair.
 12185 | Lair:1   | Entered Level 1 of the Lair of Beasts
 12255 | Lair:1   | Noticed a black mamba
 12264 | Lair:1   | Killed a black mamba
 12521 | Lair:1   | Reached skill level 14 in Unarmed Combat
 13151 | Lair:1   | Reached XP level 11. HP: 71/94 MP: 14/14
 13618 | Lair:1   | Reached skill level 15 in Unarmed Combat
 14153 | Lair:2   | Found a dark tunnel.
 14174 | Volcano  | Entered a volcano
 14552 | Volcano  | Noticed a skeletal warrior
 14563 | Volcano  | Killed a skeletal warrior
 14583 | Volcano  | Noticed a skeletal warrior
 14589 | Volcano  | HP: 3/94 [skeletal warrior/+1 halberd of flaming (5)]
 14605 | Volcano  | HP: 3/94 [skeletal warrior/+1 halberd of flaming (2)]
 15117 | Lair:2   | Reached skill level 16 in Unarmed Combat
 15592 | Lair:2   | Found a staircase to the Shoals.
 16427 | Lair:3   | Reached XP level 12. HP: 68/103 MP: 15/15
 16504 | Lair:3   | Reached skill level 17 in Unarmed Combat
 16724 | Lair:3   | Noticed a boulder beetle
 16754 | Lair:3   | Killed a boulder beetle
 16773 | Lair:3   | Noticed a boulder beetle
 16804 | Lair:3   | Killed a boulder beetle
 17624 | Lair:3   | Found a staircase to the Snake Pit.
 18217 | Lair:4   | Noticed a seven-headed hydra
 18254 | Lair:4   | Killed a seven-headed hydra
 19232 | Lair:4   | Found a staircase to the Slime Pits.
 19502 | Lair:5   | Entered Level 5 of the Lair of Beasts
 19597 | Lair:4   | Reached skill level 18 in Unarmed Combat
 19731 | Lair:4   | Reached skill level 10 in Fighting
 19892 | Lair:5   | Identified the ring "Xyahabum" {rElec rF+ Will+ Dex+3
                  | Slay-5}
 20585 | D:10     | Reached XP level 13. HP: 91/113 MP: 16/16
 20808 | Orc:1    | Entered Level 1 of the Orcish Mines
 21111 | Orc:1    | Paralysed by an orc sorcerer for 4 turns
 21567 | Orc:1    | Paralysed by an orc sorcerer for 3 turns
 21978 | Orc:2    | Entered Level 2 of the Orcish Mines
 22678 | Orc:2    | Noticed Azrael
 22775 | Orc:2    | Noticed Donald
 22785 | Orc:1    | Reached skill level 19 in Unarmed Combat
 23455 | Orc:2    | Found a staircase to the Elven Halls.
 23477 | Orc:2    | Found Deopnoif's Antique Weapon Shoppe.
 23482 | Orc:2    | Found Mutwebudgh's Jewellery Shop.
 25119 | Lair:4   | Reached XP level 14. HP: 116/125 MP: 17/17
 25343 | Lair:5   | Got the Tome of Haze and Transformation
 25344 | Lair:5   | Upgraded the game from 0.30-a0-639-g3916f1956a to
                  | 0.30-a0-652-gcc886f7154
 25490 | Lair:4   | Reached skill level 20 in Unarmed Combat
 25828 | Lair:5   | Reached skill level 1 in Evocations
 26116 | Lair:5   | Found a large runed translucent door.
 26410 | Lair:5   | Reached skill level 5 in Dodging
 26460 | Lair:5   | HP: 6/126 [eight-headed hydra (2)]
 26461 | Lair:5   | Slain by an eight-headed hydra

Illustrated notes

Levels and vault maps discovered:
D:1:      nicolae_arrival_memento_mori, layout_loops_cross,
          chequers_ecumenical_altar_simple_redux
D:2:      layout_basic, uniq_sigmund
D:3:      corexii_shack_village, layout_loops_cross,
          palyth_temple_overflow_mages, st_stairs_1, minmay_unequal
D:4:      layout_loops_corners, mainiacjoe_overflow_swirl, marbit_many_paths,
          serial_shops, shop, uniq_blork_the_orc
D:5:      lemuel_ratsnest, layout_gridville, amcnicky_altar_gilded
D:6:      nicolae_BIG_FREAKIN_CUBE, layout_rooms, minmay_hollow_rounded_squares,
          uniq_eustachio
D:7:      layout_cave_pools, nicolae_ru_sacrificial_ziggurat
D:8:      layout_basic, lemuel_crystal_altar, mainiacjoe_overflow_catwalk
D:9:      layout_loops_corners, mainiacjoe_overflow_cross_hatched, serial_shops,
          shop_statue, nicolae_shop_window_shopping, shop, uniq_pikel,
          uniq_joseph
D:10:     layout_irregular_city, dpeg_lair_monsters,
          minmay_orc_entry_temple_small, serial_shops, shop
Lair:1:   layout_small_grid
Lair:2:   layout_roguey, minmay_shoals_entry_centaurs,
          lightli_volcano_entry_magma_tube
Lair:3:   layout_roguey [special_room_mythical_zoo], nicolae_snake_entry_squirm,
          nzn_sisyphean_effort
Lair:4:   hellmonk_ruined_rings, layout_layer_cave,
          minmay_slime_entry_oklob_open, roderic_carrion_pond,
          lemuel_fruit_fields
Lair:5:   cheibrodos_lair_end_hotspot, layout_loops_ring
Orc:1:    layout_diamond_mine
Orc:2:    st_orc_open, layout_caves, uniq_azrael, uniq_donald

Skill      XL: |  1  2  3  4  5  6  7  8  9 10 11 12 13 14 |
---------------+-------------------------------------------+-----
Unarmed Combat | 2 3 4 5 6 7 9 11 14 16 18 19 20 | 20.0
Fighting       | 4 5 7 8 10 11 12 | 12.0
Dodging        | 3 5 |  5.1
Evocations     | 2 |  2.9
Stealth        | |  4.5

Action                   |  1- 3 |  4- 6 |  7- 9 | 10-12 | 13-15 || total
-------------------------+-------+-------+-------+-------+-------++-------
Melee: Unarmed           |    63 |   107 |   237 |   782 |   561 ||  1750
       Falchion          |    21 |       |       |       |       ||    21
       Dagger            |   181 |    84 |       |       |       ||   265
       Punch             |     6 |     8 |    25 |    67 |       ||   106
       Short sword       |       |   100 |   158 |    67 |    25 ||   350
 Fire: Sling             |       |    17 |       |    22 |   109 ||   148
       Arbalest          |       |       |     7 |    24 |       ||    31
Throw: Stone             |     3 |     2 |       |     1 |       ||     6
       Boomerang         |       |       |    31 |     5 |     5 ||    41
       Dart              |       |       |     2 |    42 |       ||    44
 Cast: Summon Small Mamm |       |     3 |     9 |       |     4 ||    16
       Poisonous Vapours |       |       |     2 |       |       ||     2
Evoke: Wand              |     1 |       |     3 |    20 |    10 ||    34
       Piece from Xom's  |       |       |       |     1 |     8 ||     9
       Box of beasts     |       |       |       |       |     1 ||     1
  Use: Scroll            |       |     5 |     7 |     6 |     4 ||    22
       Potion            |       |     1 |       |     6 |     4 ||    11
 Stab: Sleeping          |     5 |     1 |     1 |       |       ||     7
       Paralysed         |       |       |     5 |     3 |     3 ||    11
       Distracted        |       |       |       |     2 |       ||     2
Armor: Leather armour    |    37 |       |       |       |       ||    37
       Plate armour      |    59 |    75 |       |       |       ||   134
       Scale mail        |       |    36 |    90 |       |       ||   126
       Chain mail        |       |       |    10 |   328 |   269 ||   607
       Troll leather arm |       |       |       |       |    50 ||    50
Dodge: Dodged            |   109 |   146 |   221 |   458 |   372 ||  1306
Block: Kite shield       |       |       |    17 |       |       ||    17
       Buckler           |       |       |       |    34 |   149 ||   183

Table legend: (Time is in decaauts)
 A = Elapsed time spent in this place.
 B = Non-inter-level travel time spent in this place.
 C = Inter-level travel time spent in this place.
 D = Time resting spent in this place.
 E = Time spent auto-exploring this place.
 F = Levels seen in this place.
 G = Mean time per level.
                   A        B        C        D        E       F      G
               +--------+--------+--------+--------+--------+-----+--------+
         Total |  25998 |  24704 |   1294 |   6061 |  11993 |  18 | 1444.3 |
       Dungeon |  13153 |  12446 |    707 |   2141 |   6789 |  10 | 1315.3 |
          Lair |  10026 |   9544 |    482 |   2971 |   4474 |   5 | 2005.2 |
  Orcish Mines |   1951 |   1846 |    105 |    706 |    448 |   2 |  975.5 |
       Volcano |    866 |    866 |      0 |    242 |    282 |   1 |  866.0 |
               +--------+--------+--------+--------+--------+-----+--------+

Top non-repeatable levels by time:
  Lair:4: 3051 daAuts
  Lair:1: 1982 daAuts
  Lair:5: 1968 daAuts
     D:5: 1936 daAuts
    D:10: 1914 daAuts
  Lair:3: 1853 daAuts
     D:9: 1634 daAuts
     D:3: 1429 daAuts
   Orc:1: 1412 daAuts
     D:6: 1370 daAuts
  Lair:2: 1170 daAuts
     D:4: 1169 daAuts
     D:8: 1058 daAuts
     D:7: 996 daAuts
     D:2: 946 daAuts
